Map: Wieczny Sen ER

Players

Krystianer - Winner!

  • Race: Protoss Protoss
  • League: Grandmaster
  • Spawn Location: 7:00

SI 1 (Bardzo łatwa)

  • Race: Protoss Protoss
  • Spawn Location: 1:00

VOD

Have the link to the VOD?

Description

Time

  • Played on: July 17, 2020, 9:50 a.m.
  • Length: 7:08
Show
View Real Time Build Order
Export as new Build Order

Krystianer Protoss - Winner!

Build Orders:  

Get SALT Encoding   

  12  0:00  Probe  
  13  0:13  Probe  
  14  0:18  Pylon  
  14  0:23  Probe  
  15  0:32  Probe  
  15  0:37  Gateway  
  15  0:40  Probe  
  16  0:46  Assimilator  
  17  0:52  Probe  
  17  0:54  Assimilator  
  18  1:01  Probe  
  18  1:07  Gateway  
  18  1:09  Probe  
  20  1:19  Probe  
  20  1:25  Cybernetics Core  
  21  1:32  Pylon, Probe  
  22  1:44  Probe  
  23  1:56  Probe  
  23  2:01  Warp Gate, Adept x2  
  29  2:14  Pylon  
  28  2:31  Adept  
  28  2:32  Adept  
  32  2:40  Nexus  
  32  3:01  Adept  
  32  3:02  Adept  
  36  3:06  Robotics Facility  
  36  3:08  Probe  
  37  3:15  Pylon  
  37  3:18  Probe  
  37  3:26  Probe  
  39  3:34  Probe  
  40  3:43  Probe  
  40  3:44  Immortal  
  41  3:49  Sentry x2  
  41  3:54  Probe  
  41  3:55  Probe  
  51  4:06  Probe x2  
  53  4:10  Twilight Council  
  53  4:14  Probe  
  53  4:15  Sentry  
  55  4:18  Probe  
  55  4:22  Probe  
  57  4:29  Warp Prism  
  57  4:30  Probe  
  59  4:33  Pylon  
  59  4:37  Probe  
  62  4:46  Resonating Glaives  
  62  4:52  Gateway  
  62  4:53  Gateway, Immortal  
  62  5:07  Gateway  
  66  5:10  Gateway  
  66  5:19  Gateway  
  66  5:20  Gateway  
  66  5:23  Pylon  
  66  5:26  Sentry  
  68  5:34  Adept  
  70  5:37  Pylon  
  70  5:38  Pylon  
  70  5:44  Observer  
  71  6:01  Adept x3  
  71  6:02  Adept x2  
  81  6:06  Pylon  
  81  6:20  Adept x3  
  81  6:23  Adept x3  
  81  6:24  Adept x2  
  95  6:43  Adept x3  
  95  6:44  Adept  
  101  6:47  Pylon x2  
  101  7:05  Adept  
  101  7:06  Adept x6  
Show
View Real Time Build Order
Export as new Build Order

SI 1 (Bardzo łatwa) Protoss 

Build Orders:  

Get SALT Encoding   

  12  0:00  Probe  
  13  0:13  Probe  
  14  0:19  Pylon  
  14  0:36  Assimilator  
  14  0:42  Gateway  
  14  0:46  Pylon  
  14  1:14  Assimilator  
  14  1:15  Probe  
  14  1:24  Probe  
  15  1:32  Probe  
  16  1:33  Cybernetics Core  
  17  1:42  Probe  
  18  1:54  Probe  
  18  1:59  Warp Gate  
  19  2:03  Probe  
  20  2:09  Stalker  
  22  4:56  Stalker  
  22  4:57  Probe  
  22  4:58  Pylon  
  20  5:08  Probe  
  21  5:16  Probe  
  22  5:24  Zealot, Probe  
  24  5:31  Robotics Facility  
  25  5:36  Probe  
  25  5:40  Pylon  
  26  5:48  Probe  
  27  5:53  Stalker  
  29  6:00  Probe  
  30  6:12  Probe  
  30  6:13  Observer  
  31  6:24  Probe  
  33  6:31  Stalker  
  33  6:32  Observer  
  33  6:36  Pylon, Probe  
  31  6:40  Pylon  
  31  6:44  Pylon  
  27  6:48  Probe  
Tags
 
Matchup
PvP
Spawn Locations
Cross Positions
Add a new tag
Caveats
  • Supply blocks, unpowered buildings, or Contaminate may cause inaccurate times.
  • Supply counts are checked every 10 seconds.